 Dungeon Crawl Stone Soup version 0.28-a0-938-gbc3f381ebc (webtiles) character file.

Game seed: 4716596023818391140

6031 enile the Basher (level 10, 0/91 HPs)
             Began as a Minotaur Cinder Acolyte on Nov 29, 2021.
             Was an Initiate of Makhleb.
             Slain by a fire elemental (6 damage)
             ... created by the fiery vengeance of Ignis
             ... on level 6 of the Dungeon.
             The game lasted 00:26:02 (11794 turns).

enile the Basher (Minotaur Cinder Acolyte)         Turns: 11794, Time: 00:26:03

Health: 0/91       AC: 24    Str: 28    XL:     10   Next: 56%
Magic:  10/10      EV:  7    Int: 11    God:    Makhleb [......]
Gold:   228        SH:  0    Dex:  6    Spells: 9/11 levels left

rFire   . . .      SeeInvis .   M - +8 spear "Lucunaq" {protect, rPois}
rCold   . . .      Faith    .   (no shield)
rNeg    . . .      Spirit   .   w - +0 plate armour
rPois   +          Reflect  .   (helmet restricted)
rElec   .          Harm     .   (no cloak)
rCorr   +          Rampage  .   g - +2 pair of gloves {Stlth+}
Will    .....                   (no boots)
Stlth   ..........              (no amulet)
HPRegen 0.25/turn               J - ring of resist corrosion
MPRegen 0.12/turn               h - +6 ring of strength

@: under a protective aura, flying, fire susceptible
A: horns 2, retaliatory headbutt
a: Renounce Religion


You were on level 6 of the Dungeon.
You worshipped Makhleb.
Makhleb was noncommittal.
You visited 2 branches of the dungeon, and saw 9 of its levels.

You collected 434 gold pieces.
You spent 206 gold pieces at shops.

Inventory:

Hand Weapons
 a - a +1 mace of flaming
 o - a +0 antimagic short sword
 v - a +0 dire flail
 C - a +1 dagger of holy wrath
 D - a +2 vampiric falchion
 M - the +8 spear "Lucunaq" (weapon) {protect, rPois}
   (You found it on level 8 of the Dungeon)

   It grants its wielder temporary protection when it strikes (+7 to AC).
   rPois:     It protects you from poison.
Missiles
 l - 35 poisoned darts
 u - 3 boomerangs
 L - 2 atropa-tipped darts (quivered)
Armour
 b - a +0 robe
 d - a +0 scale mail
 g - a +2 pair of gloves of stealth (worn)
 p - a +0 pair of boots
 r - +0 acid dragon scales
 w - a +0 plate armour (worn)
 F - +0 steam dragon scales
Jewellery
 c - a +6 ring of intelligence
 h - a +6 ring of strength (right hand)
 H - a +6 ring of intelligence
 J - a ring of resist corrosion (left hand)
Wands
 A - a wand of paralysis (7)
 B - a wand of mindburst (7)
 E - a wand of digging (5)
 G - a wand of flame (28)
 K - a wand of polymorph (4)
Scrolls
 i - 2 scrolls of immolation
 k - a scroll of magic mapping
 m - 2 scrolls of vulnerability {unknown}
 q - a scroll of fog
 s - 3 scrolls of noise
 t - 2 scrolls of teleportation
 y - a scroll of silence
 z - 2 scrolls of enchant armour {unknown}
 I - 3 scrolls of identify
Potions
 e - 3 potions of lignification {unknown}
 f - a potion of curing
 j - a potion of degeneration
 n - 2 potions of haste {unknown}
 x - 2 potions of flight
 N - a potion of invisibility {unknown}


   Skills:
 - Level 9.0 Fighting
 - Level 9.0 Maces & Flails
 - Level 7.0 Throwing
 + Level 8.2 Armour
 - Level 2.0 Stealth
 - Level 1.0 Spellcasting
 - Level 2.1 Fire Magic
 - Level 7.0 Evocations


You had 9 spell levels left.
You knew the following spells:

 Your Spells              Type           Power      Damage    Failure   Level
a - Scorch                Fire           10%        2d5       87%         2

Your spell library contained the following spells:

 Spells                   Type           Power      Damage    Failure   Level
 Foxfire                  Conj/Fire      8%         2x1d4     88%         1
 Animate Skeleton         Necr           0%         N/A       96%         1
 Apportation              Tloc           0%         N/A       96%         1
 Sting                    Tmut/Pois      0%         1d3       96%         1
 Summon Small Mammal      Summ           0%         N/A       96%         1
 Poisonous Vapours        Pois/Air       0%         N/A       99%         2
 Sublimation of Blood     Necr           0%         N/A       99%         2
 Conjure Flame            Conj/Fire      2%         6-21      99%         3
 Inner Flame              Hex/Fire       2%         N/A       99%         3
 Flame Wave               Conj/Fire      2%         2d4       100%        4
 Olgreb's Toxic Radiance  Pois           0%         N/A       100%        4
 Petrify                  Tmut/Erth      0%         N/A       100%        4
 Fireball                 Conj/Fire      1%         3d3       100%        5
 Irradiate                Conj/Tmut      0%         3d14      100%        5
 Iskenderun's Battlesphe  Conj           0%         2d6       100%        5
 Conjure Ball Lightning   Conj/Air       0%         3x3d6     100%        6
 Orb of Destruction       Conj           0%         N/A       100%        7


Dungeon Overview and Level Annotations

Branches:
Dungeon (8/15)             Temple (1/1) D:4
   Lair: D:8-11

Altars:
Ashenzari
Dithmenos
Elyvilon
Hepliaklqana
Makhleb
Nemelex Xobeh
Okawaru
Wu Jian
Yredelemnul
The Shining One

Shops:
D:1 ?   D:2 !   D:4 !   D:8 *


Innate Abilities, Weirdness & Mutations

You have a pair of horns on your head.
You reflexively headbutt those who attack you in melee.


Message History

The fire elemental is severely damaged.
The fire elemental hits you. The fire elemental burns you!
You puncture the fire elemental!
You destroy the fire elemental!
That felt strangely unrewarding.
The fire elemental hits you. The fire elemental burns you!
Okay, then.
There is an escape hatch in the ceiling here.
You can't go down here!
The fire elemental hits you. The fire elemental burns you!
The fire elemental barely misses you. A mysterious force pulls you upwards.
The hatch slams shut behind you.
You puncture the fire elemental!
Your weapon exudes an aura of protection.
The fire elemental is moderately damaged.
The fire elemental barely misses you.
You barely miss the fire elemental.
Your headbutt misses the fire elemental.
The fire elemental is moderately damaged.
The fire elemental hits you. The fire elemental burns you!
The fire elemental hits you.
You puncture the fire elemental!
The fire elemental is heavily damaged.
The fire elemental hits you. The fire elemental burns you!
* * * LOW HITPOINT WARNING * * *
You hit the fire elemental.
The fire elemental is heavily damaged.
The fire elemental hits you. The fire elemental burns you!
* * * LOW HITPOINT WARNING * * *
The fire elemental hits you. The fire elemental burns you!
* * * LOW HITPOINT WARNING * * *
Okay, then.
Aiming: Mindburst
Press: ? - help, Shift-Dir - straight line, f - you
Okay, then.
It was a potion of flight.
You feel very buoyant.
You fly up into the air.
The fire elemental hits you. The fire elemental burns you!
You die...

##.#..#...###
###..#....##
##..........
####..#........
#........#.....
#....[...>....#
##...###....#..
#########...#..........
#....E@....##..........
#.#######.....<......#.
#.##########.#.........
#.#........#.##.....##.
#.#........####........
#.#..♣.♣♣..#...........
#.'...♣.♣..'.##.#......
#.'..♣.♣.†.'.#######...
###).♣♣.♣..### #....


You could see a fire elemental.

Vanquished Creatures
  Pikel (D:7)
  A moth of wrath (D:8)
  Joseph (D:8)
  Grinder (D:3)
  Sigmund (D:3)
  A wyvern (D:8)
  5 yaks (D:8)
  2 fire elementals (D:7)
  A steam dragon (D:7)
  An acid dragon (D:8)
  2 orc warriors
  Duvessa (D:7)
  2 sky beasts (D:5)
  2 ogres
  2 black bears
  A necrophage (D:5)
  6 centaurs
  2 phantoms (D:7)
  2 bullfrogs
  2 kobold brigands (D:7)
  A gnoll sergeant (D:5)
  A scorpion (D:4)
  A wyvern skeleton (D:6)
  A wyvern zombie (D:7)
  Dowan (D:7)
  3 killer bees (D:8)
  4 wights (D:8)
  3 howler monkeys
  A jelly (D:7)
  2 bullfrog skeletons
  A bullfrog zombie (D:6)
  2 orc priests
  2 centaur skeletons
  2 hounds
  2 gnoll shamans (D:5)
  4 iguanas
  3 orc wizards
  A howler monkey skeleton (D:6)
  16 gnolls
  13 adders
  A shadow imp (D:6)
  2 white imps
  An ufetubus (D:5)
  4 worms
  A dart slug (D:1)
  16 orcs
  9 ball pythons
  7 endoplasms
  2 giant cockroaches
  7 goblins
  8 hobgoblins
  4 jackals (D:3)
  5 quokkas
  5 bats
  2 frilled lizards (D:1)
  17 kobolds
  7 rats
199 creatures vanquished.

Vanquished Creatures (others)
  An orc wizard (D:5)
  A quokka (D:5)
  34 foxfires
  3 plants (D:3)
  A withered plant (D:3)
40 creatures vanquished.

Grand Total: 239 creatures vanquished

Notes
Turn   | Place    | Note
-------+----------+-------------------------------------------
     0 | D:1      | enile the Minotaur Cinder Acolyte began the quest for the
                  | Orb.
     0 | D:1      | Reached XP level 1. HP: 19/19 MP: 1/1
    22 | D:1      | Found Emol's Magic Scroll Shop.
   206 | D:2      | Reached XP level 2. HP: 22/28 MP: 2/2
   580 | D:1      | Reached skill level 5 in Fighting
   638 | D:1      | Learned a level 2 spell: Scorch
   801 | D:1      | Reached XP level 3. HP: 36/36 MP: 0/3
  1402 | D:2      | Reached skill level 1 in Armour
  1710 | D:2      | Found Qodegah's Distillery.
  1747 | D:2      | Bought a potion of curing for 42 gold pieces
  1747 | D:2      | Bought a potion of degeneration for 14 gold pieces
  1774 | D:2      | Reached XP level 4. HP: 32/42 MP: 4/4
  2135 | D:2      | Reached skill level 1 in Throwing
  2643 | D:3      | Reached XP level 5. HP: 45/48 MP: 5/5
  2886 | D:3      | Noticed Grinder
  2891 | D:3      | Paralysed by Grinder for 7 turns
  2906 | D:3      | Paralysed by Grinder for 3 turns
  2916 | D:3      | Paralysed by Grinder for 7 turns
  2926 | D:3      | Paralysed by Grinder for 2 turns
  2929 | D:3      | Killed Grinder
  2930 | D:3      | Reached skill level 5 in Maces & Flails
  2930 | D:3      | Reached skill level 1 in Stealth
  2930 | D:3      | Reached XP level 6. HP: 17/57 MP: 6/6
  3258 | D:3      | Found a hazy altar of Hepliaklqana.
  3456 | D:3      | Found a faded altar of an unknown god.
  3790 | D:3      | Noticed Sigmund
  3801 | D:3      | Killed Sigmund
  3802 | D:3      | Reached XP level 7. HP: 18/63 MP: 7/7
  4245 | D:4      | Reached skill level 5 in Armour
  4699 | D:4      | Found a sparkling altar of Nemelex Xobeh.
  4805 | D:4      | Found a staircase to the Ecumenical Temple.
  4914 | D:4      | Found an ornate altar of the Wu Jian Council.
  5052 | D:4      | Found Jachaqanwa's Distillery.
  5058 | D:4      | Bought a potion of heal wounds for 50 gold pieces
  5058 | D:4      | Bought a potion of resistance for 100 gold pieces
  5335 | D:5      | Entered Level 5 of the Dungeon
  5354 | D:5      | Reached XP level 8. HP: 57/73 MP: 8/8
  5904 | D:5      | Found a white marble altar of Elyvilon.
  6194 | D:5      | Reached skill level 5 in Throwing
  6649 | D:5      | Acquired a +2 pair of gloves of stealth
  8291 | D:6      | Reached skill level 1 in Evocations
  8291 | D:6      | Reached XP level 9. HP: 81/81 MP: 9/9
  9048 | D:6      | Found a shadowy altar of Dithmenos.
  9550 | D:7      | Noticed Pikel
  9568 | D:7      | Killed Pikel
  9854 | D:7      | Noticed Dowan
  9855 | D:7      | Noticed Duvessa
  9859 | D:7      | Killed Dowan
  9866 | D:7      | Killed Duvessa
  9867 | D:7      | Reached skill level 5 in Evocations
 10182 | D:8      | Reached XP level 10. HP: 60/90 MP: 10/10
 10535 | D:8      | Identified the +8 spear "Lucunaq" {protect, rPois}
 10611 | D:8      | Found Ometo's Neck Hole.
 10721 | D:8      | Noticed Joseph
 10739 | D:8      | Killed Joseph
 11181 | Temple   | Entered the Ecumenical Temple
 11192 | Temple   | Fell from the grace of Ignis
 11192 | Temple   | Became a worshipper of Makhleb the Destroyer
 11372 | D:8      | Noticed a four-headed hydra
 11380 | D:8      | Noticed a moth of wrath
 11380 | D:8      | a four-headed hydra changed into a moth of wrath
 11381 | D:8      | Killed a moth of wrath
 11794 | D:6      | Slain by a fire elemental

Illustrated notes

Levels and vault maps discovered:
D:1:      scummos_arrival_checkerplants, layout_basic, serial_shops,
          nicolae_shop_advertising_works [nicolae_subvault_shop_adworks]
D:2:      layout_basic, serial_shops, nicolae_shop_crystal
D:3:      corexii_shack_village, layout_basic, mainiacjoe_overflow_catwalk,
          shapermc_ecumenical_altar_flowoftime, uniq_grinder, uniq_sigmund
D:4:      layout_loops_ring, nemelex_xobeh_ov_fountains_minmay,
          nicolae_wu_jian_glorious_leap, minmay_temple_entry_sparse_star,
          serial_shops, nicolae_square_shop, minmay_misc_feat_more_columns,
          corexii_leaking_fountain, minmay_crystal_water, kennysheep_doodads,
          hangedman_decor_points, guppyfry_early_orc_mine
D:5:      minmay_opposing_rooms, layout_loops_ring, elyvilon_altar_4,
          minivault_27, chequers_serial_rivers_micro_d, grunt_decor_one_mirror,
          grunt_ministairs_3
D:6:      layout_cave_pools, grunt_dithmenos_shadows, kennysheep_generic_room_4
D:7:      layout_basic, uniq_duvessa, uniq_pikel
D:8:      layout_rooms, nicolae_shop_sticking_my_neck_out, uniq_joseph
Temple:   nicolae_temple_great_sept

Skill      XL: |  1  2  3  4  5  6  7  8  9 10 |
---------------+-------------------------------+-----
Fighting       | 4 5 6 7 8 9 |  9.0
Maces & Flails | 4 5 6 9 |  9.0
Armour         | 2 3 4 6 8 |  8.2
Throwing       | 2 3 5 7 |  7.0
Stealth        | 1 2 |  2.0
Evocations     | 1 5 7 |  7.0
Spellcasting   | |  1.0
Fire Magic     | |  2.1

Action                   |  1- 3 |  4- 6 |  7- 9 | 10-12 || total
-------------------------+-------+-------+-------+-------++-------
Melee: Mace              |    65 |   107 |   310 |    77 ||   559
       Headbutt          |     6 |    10 |    64 |    18 ||    98
       Spear             |       |       |       |    10 ||    10
Throw: Dart              |       |     2 |    23 |     6 ||    31
       Throwing net      |       |       |     4 |       ||     4
 Cast: Scorch            |     5 |     1 |       |       ||     6
Invok: Foxfire Swarm     |       |     4 |     2 |     1 ||     7
       Fiery Armour      |       |       |     3 |       ||     3
       Rising Flame      |       |       |     1 |       ||     1
Evoke: Wand              |       |       |    13 |    14 ||    27
  Use: Scroll            |       |     3 |     9 |       ||    12
       Potion            |       |     1 |     3 |     2 ||     6
 Stab: Held in net/web   |       |       |     1 |       ||     1
Armor: Robe              |     1 |       |       |       ||     1
       Scale mail        |    21 |    40 |    63 |       ||   124
       Plate armour      |       |       |   156 |    81 ||   237
Dodge: Dodged            |    34 |    61 |   129 |    49 ||   273

Table legend: (Time is in decaauts)
 A = Elapsed time spent in this place.
 B = Non-inter-level travel time spent in this place.
 C = Inter-level travel time spent in this place.
 D = Time resting spent in this place.
 E = Time spent auto-exploring this place.
 F = Levels seen in this place.
 G = Mean time per level.
                   A        B        C        D        E       F      G
               +--------+--------+--------+--------+--------+-----+--------+
         Total |  11842 |  11208 |    634 |    755 |   8849 |   9 | 1315.8 |
       Dungeon |  11819 |  11185 |    634 |    755 |   8847 |   8 | 1477.4 |
        Temple |     22 |     22 |      0 |      0 |      2 |   1 |   22.0 |
               +--------+--------+--------+--------+--------+-----+--------+

Top non-repeatable levels by time:
     D:5: 2409 daAuts
     D:4: 1730 daAuts
     D:3: 1518 daAuts
     D:2: 1333 daAuts
     D:7: 1309 daAuts
     D:1: 1269 daAuts
     D:8: 1247 daAuts
     D:6: 1002 daAuts
  Temple: 22 daAuts
